Map: Abyssal Reef LE

Players

Raze

  • Race: Terran Terran
  • Spawn Location: 11:00

BackupA (Rob) - Winner!

  • Race: Protoss Protoss
  • Spawn Location: 5:00

Event: WCS Montreal 2017

VOD

Have the link to the VOD?

Description

Time

  • Played on: Sept. 8, 2017, 1:43 p.m.
  • Length: 12:18

All games in this series

Show
View Real Time Build Order
Export as new Build Order

Raze Terran 

Build Orders: Mech 

Get SALT Encoding   

  12  0:00  SCV  
  13  0:12  SCV  
  14  0:17  Supply Depot  
  14  0:24  SCV  
  15  0:38  SCV  
  15  0:40  Barracks  
  16  0:44  Refinery  
  16  0:50  SCV  
  17  1:02  SCV  
  18  1:15  SCV  
  19  1:27  Orbital Command, Marine  
  20  1:42  Command Center  
  20  1:53  Factory  
  20  1:57  Marine  
  21  2:02  SCV  
  21  2:08  Supply Depot  
  22  2:14  SCV  
  23  2:15  Refinery  
  23  2:18  Barracks Tech Lab  
  23  2:29  SCV  
  24  2:40  Armory  
  24  2:45  Widow Mine  
  24  2:48  SCV, Barracks Reactor  
  27  2:53  Orbital Command  
  27  3:00  Bunker  
  27  3:02  SCV  
  28  3:15  Widow Mine  
  28  3:18  SCV  
  28  3:27  Drilling Claws  
  28  3:28  Marine x2  
  30  3:35  SCV  
  30  3:37  SCV  
  32  3:46  Starport  
  32  3:47  Marine x2  
  32  3:48  Widow Mine  
  34  3:54  SCV x2  
  38  4:01  Supply Depot  
  38  4:06  SCV x2  
  38  4:08  Marine  
  41  4:17  Siege Tank  
  41  4:18  SCV x2  
  46  4:25  Supply Depot, Medivac  
  46  4:27  Marine, Refinery  
  49  4:32  SCV  
  49  4:33  SCV  
  51  4:44  SCV  
  51  4:45  SCV  
  53  4:54  Factory  
  53  4:56  SCV  
  53  4:57  Supply Depot  
  53  4:58  Refinery  
  54  5:00  Widow Mine x2  
  54  5:04  SCV  
  54  5:05  Medivac  
  61  5:08  SCV  
  62  5:17  Supply Depot  
  62  5:18  SCV  
  63  5:21  Barracks Tech Lab  
  63  5:23  Factory  
  63  5:26  Engineering Bay  
  63  5:27  SCV  
  64  5:32  SCV  
  64  5:33  Widow Mine x2  
  68  5:38  Medivac  
  68  5:39  SCV  
  71  5:43  Supply Depot  
  71  5:48  Siege Tank  
  71  5:49  SCV  
  75  5:56  Missile Turret  
  75  5:57  Missile Turret  
  73  6:14  Medivac, Widow Mine x2  
  73  6:17  SCV  
  76  6:20  Siege Tank  
  73  6:26  Command Center, Siege Tank  
  74  6:34  Supply Depot  
  74  6:43  Widow Mine x2  
  78  6:50  Command Center  
  78  7:00  Siege Tank, Widow Mine  
  83  7:02  Medivac  
  83  7:05  SCV x2  
  87  7:09  Terran Vehicle And Ship Armor Level 1  
  87  7:10  Supply Depot  
  87  7:11  Supply Depot, Widow Mine  
  87  7:12  Widow Mine  
  77  7:27  SCV  
  75  7:30  SCV  
  71  7:40  SCV  
  71  7:42  Medivac  
  70  7:44  Widow Mine x3  
  70  7:45  SCV  
  75  7:58  SCV x2  
  77  8:08  Orbital Command  
  77  8:10  SCV, Planetary Fortress  
  77  8:19  Medivac  
  79  8:20  Siege Tank, Widow Mine  
  79  8:21  SCV  
  79  8:22  SCV  
  84  8:29  Missile Turret  
  84  8:33  SCV  
  86  8:34  SCV  
  86  8:35  Bunker  
  86  8:37  SCV  
  86  8:41  Missile Turret  
  87  8:44  Widow Mine, Missile Turret  
  84  8:48  Widow Mine  
  84  8:52  Siege Tank  
  71  9:04  Siege Tank  
  71  9:05  SCV  
  57  9:17  SCV  
  42  9:24  Siege Tank, SCV  
  42  9:25  SCV  
  44  9:33  SCV  
  44  9:36  SCV  
  44  9:37  SCV  
  47  9:43  Siege Tank  
  47  9:45  SCV  
  46  9:49  SCV x2  
  47  9:56  Siege Tank  
  50  10:05  Cyclone, SCV  
  51  10:08  SCV  
  52  10:17  Bunker, SCV  
  52  10:20  SCV  
  50  10:29  SCV  
  50  10:33  Cyclone, SCV  
  51  10:41  SCV  
  52  10:44  Command Center, Marine  
  52  10:45  SCV  
  54  10:50  Siege Tank  
  54  10:53  SCV  
  58  10:57  SCV  
  58  11:02  Widow Mine  
  51  11:05  SCV  
  52  11:16  Cyclone  
  52  11:18  Hellion  
  49  11:20  Refinery x2  
  48  11:31  Hellion  
  42  11:40  Hellion  
  42  11:53  Hellion  
Show
View Real Time Build Order
Export as new Build Order

BackupA Protoss - Winner!

Build Orders: 1 Gate Expand 

Get SALT Encoding   

  12  0:00  Probe (Chrono Boost)  
  13  0:11  Probe (Chrono Boost)  
  14  0:17  Pylon  
  14  0:22  Probe (Chrono Boost)  
  15  0:35  Probe (Chrono Boost)  
  16  0:37  Gateway  
  16  0:42  Assimilator  
  16  0:47  Probe (Chrono Boost)  
  17  0:57  Probe (Chrono Boost)  
  18  1:08  Probe (Chrono Boost)  
  19  1:24  Nexus  
  19  1:32  Cybernetics Core  
  19  1:34  Probe (Chrono Boost)  
  19  1:39  Assimilator  
  20  1:45  Probe (Chrono Boost)  
  21  1:48  Pylon  
  21  1:55  Probe (Chrono Boost)  
  22  2:06  Probe (Chrono Boost)  
  23  2:10  Adept (Chrono Boost)  
  23  2:11  Warp Gate  
  25  2:17  Probe (Chrono Boost)  
  26  2:28  Mothership Core (Chrono Boost)  
  28  2:35  Stalker (Chrono Boost)  
  28  2:36  Probe (Chrono Boost)  
  31  2:47  Probe (Chrono Boost)  
  31  2:49  Probe (Chrono Boost)  
  33  2:55  Robotics Facility  
  33  2:58  Probe (Chrono Boost)  
  34  2:59  Probe (Chrono Boost)  
  35  3:08  Probe (Chrono Boost)  
  35  3:10  Probe (Chrono Boost)  
  37  3:19  Probe (Chrono Boost), Gateway  
  38  3:20  Probe (Chrono Boost)  
  38  3:23  Gateway  
  39  3:29  Probe (Chrono Boost)  
  39  3:31  Probe (Chrono Boost)  
  39  3:33  Stalker  
  41  3:40  Probe (Chrono Boost)  
  44  3:41  Probe (Chrono Boost)  
  45  3:50  Probe (Chrono Boost)  
  45  3:52  Probe (Chrono Boost)  
  45  3:53  Observer (Chrono Boost), Pylon  
  46  4:02  Twilight Council  
  46  4:05  Assimilator  
  46  4:07  Assimilator  
  46  4:11  Probe x2  
  46  4:12  Observer (Chrono Boost)  
  46  4:17  Pylon  
  49  4:22  Stalker x2  
  53  4:25  Pylon  
  53  4:28  Probe (Chrono Boost)  
  54  4:34  Pylon  
  54  4:35  Probe (Chrono Boost)  
  55  4:39  Probe (Chrono Boost)  
  55  4:40  Blink (Chrono Boost)  
  55  4:41  Stalker  
  58  4:45  Probe (Chrono Boost)  
  58  4:46  Observer (Chrono Boost)  
  58  4:49  Stalker  
  62  4:54  Gateway x2  
  62  5:00  Stalker  
  62  5:01  Pylon  
  62  5:05  Pylon  
  64  5:15  Stalker x2  
  68  5:35  Nexus  
  68  5:39  Pylon  
  68  5:44  Stalker x2, Robotics Bay  
  72  5:50  Forge  
  72  5:53  Probe x2  
  68  6:17  Stalker  
  68  6:18  Stalker x3  
  76  6:24  Stalker  
  76  6:25  Probe x2  
  80  6:37  Probe x2  
  82  6:41  Robotics Facility  
  82  6:49  Probe  
  82  6:50  Probe x2  
  82  6:53  Stalker  
  82  6:54  Stalker  
  84  6:59  Stalker  
  86  7:04  Probe  
  86  7:06  Probe x2  
  67  7:31  Probe  
  67  7:32  Stalker x5  
  67  7:33  Probe  
  67  7:34  Probe  
  78  7:44  Probe  
  78  7:45  Probe  
  78  7:46  Probe  
  77  7:57  Probe, Stalker  
  77  7:58  Stalker x4  
  88  8:01  Assimilator  
  88  8:04  Assimilator  
  83  8:06  Probe  
  83  8:08  Probe  
  85  8:14  Probe  
  85  8:17  Probe  
  87  8:20  Probe, Charge (Chrono Boost)  
  87  8:21  Protoss Ground Weapons Level 1 (Chrono Boost)  
  87  8:26  Probe  
  89  8:27  Probe  
  89  8:32  Probe  
  91  8:36  Gateway  
  91  8:37  Gateway  
  91  8:38  Probe  
  91  8:39  Probe, Gateway  
  93  8:44  Probe  
  94  8:49  Zealot x3  
  97  9:19  Stalker x5  
  97  9:22  Mothership Core  
  97  9:23  Probe  
  95  9:24  Probe  
  95  9:27  Pylon  
  88  9:34  Probe  
  88  9:35  Observer  
  88  9:36  Probe  
  86  9:43  Probe  
  86  9:45  Probe, Stalker x4  
  87  9:46  Stalker x2, Observer  
  87  9:50  Probe  
  97  9:55  Probe x2  
  97  9:56  Stalker  
  101  10:04  Probe  
  101  10:06  Probe  
  82  10:07  Probe  
  78  10:23  Zealot x2  
  78  10:24  Zealot  
  78  10:26  Probe  
  78  10:27  Probe  
  78  10:28  Probe  
  87  10:39  Probe  
  87  10:42  Probe  
  88  10:43  Templar Archives  
  88  10:45  Forge  
  89  10:51  Photon Cannon, Probe  
  89  10:53  Probe  
  89  10:55  Probe  
  82  11:06  Zealot x4  
  90  11:11  Probe  
  90  11:13  Probe x2  
  93  11:19  High Templar x4  
  88  11:33  Probe  
  88  11:34  Probe x2  
Tags
 
Add a new tag
Caveats
  • Supply blocks, unpowered buildings, or Contaminate may cause inaccurate times.
  • Supply counts are checked every 10 seconds.